 Dungeon Crawl Stone Soup version 0.29-a0-925-g0a7a3d12f8 (webtiles) character file.

Game seed: 3939174678021300908

316 Qarata the Caller (level 6, -4/38 HPs)
             Began as an Octopode Summoner on July 28, 2022.
             Slain by a sky beast (6 damage)
             ... on level 4 of the Dungeon.
             The game lasted 00:07:26 (3760 turns).

Qarata the Caller (Octopode Summoner)               Turns: 3760, Time: 00:07:27

Health: -4/38      AC:  1    Str:  7    XL:     6   Next: 44%
Magic:  6/10       EV: 17    Int: 20    God:
Gold:   169        SH:  0    Dex: 12    Spells: 1/11 levels left

rFire   . . .      SeeInvis .   a - +0 dagger
rCold   . . .      Faith    .   (no shield)
rNeg    . . .      Spirit   .   (helmet restricted)
rPois   .          Reflect  .   k - amulet of the acrobat
rElec   .          Harm     .   j - ring of willpower
rCorr   .          Rampage  .   q - +4 ring of evasion
Will    +....                   (no ring)
Stlth   +++.......              (no ring)
HPRegen 0.12/turn               (no ring)
MPRegen 0.12/turn               (no ring)
                                (no ring)
                                (no ring)

@: no status effects
A: almost no armour, amphibious, 8 rings, camouflage 1, gelatinous body 1,
(nimble swimmer 1), tentacles
a: no special abilities


You were on level 4 of the Dungeon.
You visited 1 branch of the dungeon, and saw 4 of its levels.

You collected 169 gold pieces.

Inventory:

Hand Weapons
 a - a +0 dagger (weapon)
   (You took it off a kobold on level 1 of the Dungeon)
Missiles
 o - a throwing net {!f}
Jewellery
 j - a ring of willpower (left tentacle)
   (You found it on level 2 of the Dungeon)
 k - an amulet of the acrobat (around mantle)
   (You found it on level 2 of the Dungeon)
 q - a +4 ring of evasion (right tentacle)
   (You found it on level 3 of the Dungeon)
Scrolls
 e - 2 scrolls of immolation {unknown}
 h - a scroll of poison {unknown}
 l - a scroll of summoning {unknown}
 m - a scroll of enchant weapon {unknown}
 n - a scroll of silence {unknown}
Potions
 b - a potion of flight
 c - a potion of magic
 d - 2 potions of might
 f - 3 potions of heal wounds {@q2}
 g - 3 potions of attraction {!q}
 i - a potion of curing {@q1}
 p - a potion of degeneration {unknown}
 r - 2 potions of ambrosia {unknown}


   Skills:
 + Level 1.0 Fighting
 - Level 2.0 Dodging
 - Level 2.6 Stealth
 - Level 3.0 Spellcasting
 - Level 7.0 Summonings
 + Level 0.0 Air Magic


You had one spell level left.
You knew the following spells:

 Your Spells              Type           Power      Damage    Failure   Level
a - Summon Small Mammal   Summ           100%       N/A       1%          1
c - Call Canine Familiar  Summ           31%        N/A       2%          3
x - Call Imp              Summ           31%        N/A       1%          2
z - Summon Lightning Spi  Summ/Air       17%        N/A       32%         4

Your spell library contained the following spells:

 Spells                   Type           Power      Damage    Failure   Level
 Summon Guardian Golem    Hex/Summ       17%        N/A       10%         3
 Conjure Flame            Conj/Fire      3%         6-21      38%         3
 Ignite Poison            Fire/Tmut/Pois 3%         N/A       38%         3
 Sticky Flame             Conj/Fire      3%         2d3       80%         4


Dungeon Overview and Level Annotations

Branches:
Dungeon (4/15) Zot: 20238
 Temple: D:4-7

Altars:


Innate Abilities, Weirdness & Mutations

You cannot wear most types of armour.
You are amphibious.
You can wear up to eight rings at the same time.
Your skin changes colour to match your surroundings (Stealth+).
Your rubbery body absorbs attacks. (AC +1, EV +1)
((You are camouflaged when in or above water. (Stealth+)))
You have tentacles for arms and can constrict up to eight enemies at once.


Message History

Your hound barely misses the sky beast.
The sky beast misses your hound.
Your hound closely misses the sky beast.
Your hound barely misses the sky beast.
The sky beast flickers out of sight!
Deactivating autopickup; reactivate with Ctrl-A.
Something closely misses your hound.
Your hound bites something but does no damage.
Something hits your hound. Something shocks your hound.
Your hound misses something.
Your hound bites something.
Something hits your hound. Something shocks your hound.
Your hound completely misses something.
Something hits your hound.
Your hound dies!
Your hound's corpse disappears in a puff of smoke!
Unknown command.
Something hits you but does no damage.
You miss something.
Your hound bites something.
Something hits you. Something shocks you.
You hit something.
Your tentacle-slap misses something.
Your hound barely misses something.
Your hound bites something.
Something closely misses your hound.
Unknown command.
You barely miss something. Your squeeze misses something.
Your hound bites something.
Something barely misses you.
You hit something. Your squeeze misses something.
Your hound barely misses something.
Your hound bites something but does no damage.
Something barely misses you.
Unknown command.
You hit something.
Your hound closely misses something.
Something hits you. Something shocks you.
You closely miss something. Your squeeze misses something.
Your hound misses something.
Your hound closely misses something.
Something hits you. Something shocks you.
* * * LOW HITPOINT WARNING * * *
You closely miss something.
Your hound barely misses something.
Something hits you.
* * * LOW HITPOINT WARNING * * *
Something shocks you.
* * * LOW HITPOINT WARNING * * *
You closely miss something. Your hound misses something.
Your hound bites something.
Something hits you.
* * * LOW HITPOINT WARNING * * *
Something shocks you.
You die...

#..#..(.....
#...........
#..#........
#+####..##.##....
#........#.......
###..#.# #.........
####..#h#.# ##....##..
#.....{##.#####...##..
#....@............##..
.....................#..
#.#................#....
##...............#.##.
#.............#.#..##
#####............####...
#.................###...
#......................#
#..................#..##


You could see a friendly hound (summoned).

Vanquished Creatures
  Jessica (D:3)
  A gnoll (D:2)
  2 adders (D:3)
  2 dart slugs
  An orc (D:4)
  A bat (D:1)
  2 endoplasms
  2 giant cockroaches (D:4)
  4 goblins
  5 hobgoblins
  A jackal (D:2)
  3 kobolds
  A quokka (D:1)
  3 ball pythons (D:1)
  7 frilled lizards
  4 rats
40 creatures vanquished.

Vanquished Creatures (collateral kills)
  A black bear (D:4)
  2 orc wizards
  3 gnolls (D:2)
  A worm (D:2)
  8 orcs
  3 bats
  3 endoplasms
  A giant cockroach (D:3)
  2 goblins
  2 hobgoblins
  3 jackals (D:2)
  3 quokkas
  A ball python (D:4)
  A frilled lizard (D:2)
  6 kobolds
  A rat (D:1)
41 creatures vanquished.

Grand Total: 81 creatures vanquished

Notes
Turn   | Place    | Note
-------+----------+-------------------------------------------
     0 | D:1      | Qarata the Octopode Summoner began the quest for the Orb.
     0 | D:1      | Reached XP level 1. HP: 11/11 MP: 3/3
   410 | D:1      | Reached XP level 2. HP: 17/17 MP: 1/5
   882 | D:1      | Learned a level 2 spell: Call Imp
  1367 | D:1      | Reached XP level 3. HP: 21/21 MP: 1/6
  1415 | D:1      | Learned a level 3 spell: Call Canine Familiar
  1521 | D:1      | Found a faded altar of an unknown god.
  1730 | D:2      | Reached skill level 5 in Summonings
  2079 | D:2      | Reached XP level 4. HP: 27/27 MP: 3/7
  2461 | D:3      | Reached skill level 6 in Summonings
  2818 | D:3      | Reached XP level 5. HP: 31/31 MP: 2/8
  2921 | D:3      | Noticed Jessica
  2932 | D:3      | Killed Jessica
  3358 | D:4      | Noticed a black bear
  3469 | D:4      | Reached XP level 6. HP: 22/36 MP: 2/9
  3647 | D:4      | Killed a black bear
  3648 | D:4      | Reached skill level 7 in Summonings
  3648 | D:4      | Reached skill level 1 in Fighting
  3653 | D:4      | Learned a level 4 spell: Summon Lightning Spire
  3740 | D:4      | Noticed a sky beast
  3760 | D:4      | Slain by a sky beast

Illustrated notes

Levels and vault maps discovered:
D:1:      amcnicky_arrival_wind_blow, layout_basic,
          shapermc_ecumenical_altar_totnotflames
D:2:      layout_rooms
D:3:      layout_basic, kennysheep_jessica_study
D:4:      layout_cave_pools, mainiacjoe_overflow_divided_tiny

Skill      XL: |  1  2  3  4  5  6 |
---------------+-------------------+-----
Summonings     | 5 6 7 |  7.0
Spellcasting   | 3 |  3.0
Fighting       | 1 |  1.0
Dodging        | |  2.0
Stealth        | |  2.6

Action                   |  1- 3 |  4- 6 || total
-------------------------+-------+-------++-------
Melee: Club              |     6 |       ||     6
       Whip              |    20 |       ||    20
       Constrict         |    17 |    11 ||    28
       Dagger            |    35 |    46 ||    81
       Tentacles         |     8 |     7 ||    15
       Punch             |       |     1 ||     1
 Cast: Summon Small Mamm |     8 |       ||     8
       Call Imp          |    10 |     4 ||    14
       Call Canine Famil |     1 |    13 ||    14
  Use: Scroll            |       |     5 ||     5
 Stab: Sleeping          |     8 |     6 ||    14
       Distracted        |       |     1 ||     1
Armor: Skin              |     1 |     1 ||     2
Dodge: Dodged            |    50 |    31 ||    81

Table legend: (Time is in decaauts)
 A = Elapsed time spent in this place.
 B = Non-inter-level travel time spent in this place.
 C = Inter-level travel time spent in this place.
 D = Time resting spent in this place.
 E = Time spent auto-exploring this place.
 F = Levels seen in this place.
 G = Mean time per level.
                   A        B        C        D        E       F      G
               +--------+--------+--------+--------+--------+-----+--------+
         Total |   3760 |   3669 |     91 |    550 |   2471 |   4 |  940.0 |
       Dungeon |   3760 |   3669 |     91 |    550 |   2471 |   4 |  940.0 |
               +--------+--------+--------+--------+--------+-----+--------+

Top non-repeatable levels by time:
     D:1: 1729 daAuts
     D:3: 837 daAuts
     D:2: 714 daAuts
     D:4: 479 daAuts
